AoeStats
← Nemesis

Arena

510241672Analyzed
4v4 RM · 23h ago on Sep 30, 2026· 86m 31s· 8 players
Game mode
Random Map
Map size
Large (8 player)
Population
200
Speed
Normal
Resources
Standard
Victory
Conquest
Starting age
Dark Age
Ending age
Imperial Age
RankedLock teamsTeams togetherTeam positionsShared explorationLock speedFull tech treeHidden civsTurbo modeCheats
Victory
Defeat
🇲🇽 Teutons · Mexico
1052
+13
🇲🇽 Spanish · Mexico
1044
+14
🇺🇸 Varangians · United States
1040
+14
🇧🇾 Portuguese · Belarus
988
+16
🇺🇸 Khmer · United States
1062
-16
🇲🇽 Goths · Mexico
1039
-16
🇲🇽 Burgundians · Mexico
980
-14
🇲🇽 Franks · Mexico
902
-11
littlepickle
8:47 Loom
11:46 Feudal Age
16:38 Castle Age
15:12 Double-Bit Axe
16:53 Wheelbarrow
18:58 Bow Saw
20:55 Horse Collar
26:50 Heavy Plow
32:10 Imperial Age
29:46 Gold Mining
30:44 Fortified Wall
30:30 Murder Holes
31:02 Hand Cart
31:01 Fletching
31:12 Padded Archer Armor
32:00 Bodkin Arrow
32:39 Padded Archer Armor
32:37 Stone Mining
33:23 Onager
35:20 Leather Archer Armor
35:07 Bracer
38:38 Chemistry
37:58 Ballistics
38:08 Elite Jarl
39:59 Ring Archer Armor
40:45 Conscription
42:56 Forging
42:47 Scale Mail Armor
44:12 Pikeman
44:53 Squires
44:39 Gambesons
46:34 Halberdier
47:57 Chain Mail Armor
48:18 Iron Casting
50:51 Plate Mail Armor
51:22 Blast Furnace
50:29 Elite Varangian Guard
55:20 Gothikon
73:06 Heavy Scorpion
78:10 Husbandry
78:21 Bloodlines
77:31 Light Cavalry
79:17 Scale Barding Armor
79:02 Hussar
81:31 Chain Barding Armor
83:58 Plate Barding Armor
Gustatro
9:25 Loom
11:11 Feudal Age
14:00 Wheelbarrow
17:43 Castle Age
16:55 Stone Mining
16:55 Double-Bit Axe
17:12 Arson
17:40 Forging
17:23 Fletching
23:05 Forging
Unfi
0:32 Loom
11:14 Feudal Age
10:54 Loom
14:54 Castle Age
12:46 Horse Collar
14:35 Double-Bit Axe
18:04 Loom
25:06 Imperial Age
24:16 Wheelbarrow
23:38 Gold Mining
24:20 Heavy Plow
24:27 Town Watch
25:02 Stone Mining
27:36 Sanctity
28:05 Forging
28:01 Scale Barding Armor
30:01 Chemistry
28:57 Murder Holes
29:34 Block Printing
29:34 Cavalier
30:15 Husbandry
30:52 Hand Cart
30:54 Bloodlines
32:51 Iron Casting
32:37 Chain Barding Armor
33:01 Ballistics
33:36 Theocracy
32:44 Light Cavalry
36:51 Fortified Wall
37:02 Bombard Tower
38:44 Blast Furnace
38:19 Plate Barding Armor
37:35 Fletching
37:46 Padded Archer Armor
40:30 Scale Mail Armor
43:16 Coinage
42:56 Guilds
42:47 Caravan
42:33 Elite Skirmisher
45:22 Thumb Ring
45:44 Bodkin Arrow
46:05 Leather Archer Armor
46:04 Bow Saw
61:25 Bracer
61:55 Ring Archer Armor
61:34 Siege Engineers
64:49 Chain Mail Armor
63:58 Man-at-Arms
64:23 Gambesons
68:00 Crop Rotation
70:41 Two-Man Saw
israel_poker
10:02 Feudal Age
14:18 Castle Age
12:36 Double-Bit Axe
13:49 Horse Collar
20:17 Heavy Plow
21:23 Wheelbarrow
22:45 Bow Saw
24:18 Hand Cart
29:49 Husbandry
29:59 Bloodlines
29:53 Padded Archer Armor
30:01 Scale Barding Armor
29:57 Scale Mail Armor
30:07 Forging
32:34 Imperial Age
30:00 Gold Mining
30:00 Stone Mining
32:50 Chain Barding Armor
32:45 Chain Mail Armor
33:06 Iron Casting
33:43 Conscription
33:21 Cavalier
35:02 Plate Barding Armor
34:59 Plate Mail Armor
34:44 Paladin
37:26 Elite Conquistador
41:17 Chemistry
42:40 Blast Furnace
45:15 Caravan
54:54 Two-Man Saw
53:43 Town Watch
53:52 Fletching
54:03 Padded Archer Armor
61:33 Thumb Ring
75:59 Light Cavalry
76:54 Gambesons
77:09 Squires
76:55 Arson
78:01 Pikeman
82:53 Elite Skirmisher
Alex931231
13:33 Feudal Age
15:11 Loom
18:03 Castle Age
17:16 Double-Bit Axe
21:27 Gold Mining
24:45 Elite Skirmisher
31:11 Scale Barding Armor
35:23 Imperial Age
36:28 Conscription
36:05 Pikeman
37:09 Scale Mail Armor
Nemesis
12:23 Feudal Age
15:44 Castle Age
13:40 Double-Bit Axe
24:10 Imperial Age
22:46 Bow Saw
39:45 Conscription
39:08 Heavy Scorpion
40:08 Bloodlines
39:58 Husbandry
42:32 Chemistry
41:31 Horse Collar
41:45 Gold Mining
41:56 Light Cavalry
42:43 Scale Barding Armor
42:49 Forging
43:53 Hussar
45:32 Wheelbarrow
44:29 Pikeman
50:18 Halberdier
54:07 Fortified Wall
54:30 Double Crossbow
57:13 Chain Barding Armor
56:54 Scale Mail Armor
60:02 Hand Cart
61:15 Chain Mail Armor
61:35 Iron Casting
70:02 Arson
71:17 Blast Furnace
70:55 Plate Barding Armor
richi_maron_90
8:58 Wheelbarrow
10:47 Double-Bit Axe
12:55 Feudal Age
18:02 Castle Age
17:53 Hand Cart
17:52 Bow Saw
19:27 Gold Mining
30:04 Imperial Age
28:12 Burgundian Vineyards
27:49 Cavalier
28:30 Husbandry
27:53 Light Cavalry
31:13 Conscription
32:13 Paladin
37:13 Scale Mail Armor
37:19 Scale Barding Armor
40:09 Squires
40:10 Pikeman
40:35 Arson
41:34 Halberdier
43:25 Elite Skirmisher
Alexitobb
11:36 Feudal Age
16:18 Castle Age
14:52 Double-Bit Axe
17:40 Horse Collar
29:51 Bow Saw
34:22 Heavy Plow
38:37 Wheelbarrow
40:56 Hand Cart
41:31 Forging
41:22 Scale Mail Armor
41:22 Padded Archer Armor
41:12 Fletching
46:21 Imperial Age
43:36 Loom
43:37 Town Watch
43:18 Pikeman
43:58 Squires
44:01 Anarchy
46:35 Ballistics
45:55 Treadmill Crane
46:38 Chain Mail Armor
46:39 Leather Archer Armor
46:19 Bodkin Arrow
46:59 Iron Casting
47:28 Conscription
47:08 Perfusion
46:29 Elite Huskarl
46:32 Halberdier
47:52 Elite Skirmisher
49:01 Bracer
49:31 Ring Archer Armor
56:56 Blast Furnace
59:10 Chemistry
65:50 Guilds
Connection lost

Rejoining the realm…

Still unreachable

The connection could not be restored.

Session expired

The server has moved on; the page needs a fresh start.